 Dungeon Crawl Stone Soup version 0.30-a0-860-g512cf1e979 (webtiles) character file.

Game seed: 12121498663672327370

128 qeuew the Slasher (level 4, -9/35 HPs)
             Began as a Demonspawn Chaos Knight on Mar 7, 2023.
             Was a Plaything of Xom.
             Mangled by an iguana (16 damage)
             ... on level 4 of the Dungeon.
             The game lasted 00:03:39 (2218 turns).

qeuew the Slasher (Demonspawn Chaos Knight)         Turns: 2218, Time: 00:03:39

Health: -9/35      AC:  7    Str: 16    XL:     4   Next: 86%
Magic:  4/4        EV: 12    Int: 13    God:    Xom [..*...]
Gold:   159        SH:  0    Dex: 13    Spells: 4/4 levels left

rFire   . . .      SeeInvis +    a - +0 falchion (chaos)
rCold   + . .      Faith    .    (no shield)
rNeg    . . .      Spirit   .    g - +5 robe of Night {Dark Will+ SInv}
rPois   .          Reflect  .    (no helmet)
rElec   .          Rampage  .    (no cloak)
rCorr   .          Rage     3%   (no gloves)
Will    +....                    (no boots)
Stlth   +                        j - amulet of regeneration
HPRegen 1.05/turn                b - ring of protection from cold
MPRegen 0.18/turn                (no ring)

@: no status effects
A: ignite blood 1, magic regeneration, berserk 1, strong 1, MP-powered wands
a: Renounce Religion


You were on level 4 of the Dungeon.
You worshipped Xom.
You were a toy of Xom.
You visited 1 branch of the dungeon, and saw 4 of its levels.

You collected 159 gold pieces.

Inventory:

Hand Weapons
 a - a +0 falchion of chaos (weapon)
Armour
 g - the +5 robe of Night (worn) {Dark Will+ SInv}
   (You found it on level 2 of the Dungeon)

   Dark:      It shrouds the wearer in darkness, reducing the range at which
   they can see and be seen by others.
   SInv:      It lets you see invisible.
   Will:      It increases your willpower.
Jewellery
 b - a ring of protection from cold (left hand)
 j - an amulet of regeneration (around neck)
Scrolls
 d - a scroll of fog
 f - a scroll of blinking
 i - 3 scrolls of teleportation
Potions
 e - 2 potions of magic
 h - a potion of invisibility
Miscellaneous
 c - a piece from Xom's chessboard (15/15)


   Skills:
 + Level 3.4 Fighting
 * Level 3.5 Long Blades
 * Level 2.8 Armour
 + Level 1.6 Dodging
 - Level 0.5 Spellcasting
 - Level 0.2 Conjurations
 + Level 1.2 Evocations


You had 4 spell levels left.
You didn't know any spells.
Your spell library contained the following spells:

 Spells                   Type           Power      Damage    Failure   Level
 Magic Dart               Conj           4%         1d3       26%         1
 Sandblast                Erth           0%         2d4       30%         1
 Searing Ray              Conj           2%         2d4       38%         2
 Ignite Poison            Fire/Tmut/Pois 0%         N/A       65%         3
 Fulminant Prism          Conj/Hex       0%         3d5       95%         4
 Sticky Flame             Conj/Fire      0%         2d3       95%         4
 Ignition                 Fire           0%         3d3       100%        8


Dungeon Overview and Level Annotations

Branches:
Dungeon (4/15)
 Temple: D:4-7

Altars:
Ashenzari
Dithmenos
Ru
Vehumet
Wu Jian


Innate Abilities, Weirdness & Mutations

Your demonic aura sometimes causes spilled blood to erupt in flames.
You regenerate magic rapidly.
You sometimes lose your temper in combat.
Your muscles are strong. (Str +4, Int/Dex -1)
You expend magic power (3 MP) to strengthen your wands.


Message History

No target in view!
No target in view!
No target in view!
Found a stone staircase leading down.
You flicker for a moment.
An iguana comes into view.
An iguana is nearby!
The helpless iguana fails to defend itself.
You hit the iguana but do no damage. The iguana bites you!
You emit a cloud of colourful smoke!
You hit the iguana but do no damage.
You flicker back into view.
The iguana bites you but does no damage.
You hit the iguana.
The iguana seems to slow down.
You freeze the iguana.
The iguana is lightly wounded.
The iguana bites you!
You are too injured to fight recklessly!
You are too injured to fight recklessly!
You are too injured to fight recklessly!
You are too injured to fight recklessly!
You are too injured to fight recklessly!
You are too injured to fight recklessly!
An iguana is nearby!
An iguana is nearby!
You hit the iguana but do no damage.
The iguana is lightly wounded.
The iguana is no longer moving slowly.
You hit the iguana. You burn the iguana.
The iguana is moderately wounded.
The iguana bites you.
The iguana bites you but does no damage.
You hit the iguana.
The iguana is heavily wounded.
The iguana bites you!
* * * LOW HITPOINT WARNING * * *
You emit a cloud of colourful smoke!
You hit the iguana.
The iguana seems to grow stronger.
The iguana is almost dead.
The iguana bites you!
You die...

..# #..# #..###
...$.. #. ###§.#
#..#l@§.# #
#..###§°#.#.
......§§....
.........####+#
####.#.## #.#
#...#.# #.# #.###.##
##.##
#.###.##†..###...##
#..>..............##


You could see an iguana (strong).

Vanquished Creatures
  Robin (D:3)
  4 adders
  8 orcs (D:3)
  6 bats
  3 endoplasms
  3 giant cockroaches
  12 goblins
  5 hobgoblins
  6 jackals
  3 quokkas
  2 ball pythons
  2 frilled lizards (D:2)
  4 kobolds
  10 rats
69 creatures vanquished.

Vanquished Creatures (others)
  A fungus (D:3)
1 creature vanquished.

Grand Total: 70 creatures vanquished

Notes
Turn   | Place    | Note
-------+----------+-------------------------------------------
     0 | D:1      | qeuew the Demonspawn Chaos Knight began the quest for the
                  | Orb.
     0 | D:1      | Reached XP level 1. HP: 18/18 MP: 1/1
    50 | D:1      | XOM: butterfly on damage
    54 | D:1      | Reached skill level 1 in Dodging
   217 | D:1      | XOM: silly message
   247 | D:1      | XOM: butterfly on damage
   249 | D:1      | Gained mutation: You regenerate magic rapidly. [demonic
                  | ancestry]
   249 | D:1      | Reached XP level 2. HP: 20/24 MP: 2/2
   563 | D:1      | XOM: scenery: summon butterflies
   650 | D:1      | XOM: silly message
   696 | D:2      | Learned a level 1 spell: Magic Dart
   717 | D:2      | XOM: god gift: 28 gold pieces
   757 | D:2      | XOM: noise
   765 | D:2      | Found the +5 robe of Night {Dark Will+ SInv}
   773 | D:2      | Reached XP level 3. HP: 26/29 MP: 3/3
  1219 | D:2      | Gained mutation: You sometimes lose your temper in combat.
                  | [potion of mutation]
  1219 | D:2      | Gained mutation: Your muscles are strong. (Str +4, Int/Dex
                  | -1) [potion of mutation]
  1219 | D:2      | Gained mutation: You expend magic power (3 MP) to
                  | strengthen your wands. [potion of mutation]
  1322 | D:3      | Reached skill level 1 in Evocations
  1361 | D:3      | Found a faded altar of an unknown god.
  1364 | D:3      | Got Plato's Secrets of the Cwm
  1446 | D:3      | XOM: smoke on damage
  1450 | D:3      | Gained mutation: Your demonic aura sometimes causes spilled
                  | blood to erupt in flames. [demonic ancestry]
  1450 | D:3      | Reached XP level 4. HP: 26/35 MP: 4/4
  1452 | D:3      | XOM: divination: magic mapping
  1487 | D:3      | Identified the ring of Haaklysu {rElec rF+ Will++ Dex-5
                  | SInv}
  1632 | D:3      | Found a broken altar of Ashenzari.
  1668 | D:3      | Noticed Robin
  1669 | D:3      | XOM: divination: detect creatures
  1679 | D:3      | Killed Robin
  1810 | D:3      | Found a shadowy altar of Dithmenos.
  1817 | D:3      | XOM: silly message
  2013 | D:3      | Found a sacrificial altar of Ru.
  2041 | D:3      | Found an ornate altar of the Wu Jian Council.
  2131 | D:3      | Found a radiant altar of Vehumet.
  2212 | D:4      | XOM: smoke on damage
  2217 | D:4      | XOM: smoke on damage
  2218 | D:4      | Mangled by an iguana

Illustrated notes

Levels and vault maps discovered:
D:1:      dpeg_arrival_ratfight, layout_rooms, minmay_misc_feat_hallway,
          minmay_distorted
D:2:      minmay_spotlight, layout_rooms
D:3:      layout_basic, cheibrodos_ashenzari_chains, nicolae_ru_path_of_blood,
          nicolae_dithmenos_shadow_blocks, mainiacjoe_overflow_surrounded_room,
          nicolae_wu_jian_immortal_techniques,
          shapermc_ecumenical_altar_rom_forum, uniq_robin
D:4:      layout_loops_corners, nemelex_xobeh_ov_fountains_minmay,
          minmay_shop_mayhem, minmay_statues_item, minmay_misc_feat_nine_boxes,
          nicolae_concentric_dashed_squares_mild, uniq_sigmund

Skill      XL: |  1  2  3 |
---------------+----------+-----
Dodging        | 1 |  1.6
Armour         | 2 |  2.8
Long Blades    | 3 |  3.5
Evocations     | 1 |  1.2
Fighting       | |  3.4
Spellcasting   | |  0.5
Conjurations   | |  0.2

Action                     |  1- 3 |  4- 6 || total
---------------------------+-------+-------++-------
  Melee: Falchion          |   134 |   105 ||   239
         Punch             |     2 |       ||     2
    Use: Scroll            |     5 |     4 ||     9
         Potion            |     3 |     1 ||     4
   Stab: Sleeping          |     1 |     2 ||     3
 Armour: Leather armour    |    31 |       ||    31
         Robe              |    23 |    42 ||    65
  Dodge: Dodged            |    79 |    73 ||   152

Table legend: (Time is in decaauts)
 A = Elapsed time spent in this place.
 B = Non-inter-level travel time spent in this place.
 C = Inter-level travel time spent in this place.
 D = Time resting spent in this place.
 E = Time spent auto-exploring this place.
 F = Levels seen in this place.
 G = Mean time per level.
                   A        B        C        D        E       F      G
               +--------+--------+--------+--------+--------+-----+--------+
         Total |   2284 |   2212 |     72 |      0 |   1670 |   4 |  571.0 |
       Dungeon |   2284 |   2212 |     72 |      0 |   1670 |   4 |  571.0 |
               +--------+--------+--------+--------+--------+-----+--------+

Top non-repeatable levels by time:
     D:3: 985 daAuts
     D:1: 692 daAuts
     D:2: 573 daAuts
     D:4: 32 daAuts
